 Dungeon Sprint DCSS version 0.30-a0-177-g1cb5dbfd7a (webtiles) character file.

Game seed: 1218302245386954516

90 mhtbhm the Trooper (level 4, -6/48 HPs)
             Began as a Gargoyle Berserker on Oct 2, 2022.
             Was a Believer of Trog.
             Mangled by Menkaure (22 damage)
             ... in the Dungeon (Sprint II: "The Violet Keep of Menkaure").
             The game lasted 00:00:22 (195 turns).

mhtbhm the Trooper (Gargoyle Berserker)              Turns: 195, Time: 00:00:23

Health: -6/48      AC:  5    Str: 23    XL:     4   Next: 56%
Magic:  4/4        EV: 12    Int:  7    God:    Trog [**....]
Gold:   243        SH:  0    Dex:  9    Spells: 3/3 levels left

rFire   . . .      SeeInvis .    a - +0 mace
rCold   . . .      Faith    .    (no shield)
rNeg    + . .      Spirit   .    b - +0 animal skin
rPois   ∞          Reflect  .    (no helmet)
rElec   +          Harm     .    (no cloak)
rCorr   .          Rampage  .    (no gloves)
Will    .....      NoTele   +    (no boots)
Stlth   ..........               (no amulet)
HPRegen 0.28/turn                (no ring)
MPRegen 0.09/turn                (no ring)

@: berserking (expiring), hasted, very quick
A: sickness immunity, AC +3, negative energy resistance 1, electricity
resistance, torment resistance 1, petrification resistance
a: Renounce Religion, Berserk, Trog's Hand


You were in the Dungeon.
You worshipped Trog.
Trog was pleased with you.
You visited 1 branch You collected 243 gold pieces.

Inventory:

Hand Weapons
 a - a +0 mace (weapon)
Armour
 b - a +0 animal skin (worn)
Scrolls
 h - a scroll of blinking
Potions
 c - a potion of curing
 f - 2 potions of magic
 g - a potion of berserk rage


   Skills:
 + Level 6.5 Fighting
 + Level 6.2 Maces & Flails
 + Level 3.7 Armour
 + Level 2.9 Dodging


You had 3 spell levels left.
You didn't know any spells.
Your spell library was empty.

Dungeon Overview and Level Annotations

Branches:
Dungeon (1/1)

Altars:

Annotations:
D Menkaure, Roxanne


Innate Abilities, Weirdness & Mutations

You are immune to sickness and miasma.
Your stone body is resilient. (AC +3)
You are immune to poison.
You resist negative energy. (rN+)
You are resistant to electric shocks. (rElec)
You are resistant to unholy torment.
You are immune to petrification.


Message History

The water moccasin is heavily wounded.
The water moccasin bites you. The water moccasin barely misses you.
You sock the water moccasin!
The water moccasin is almost dead.
The water moccasin closely misses you.
You hit the water moccasin.
You kill the water moccasin!
Trog accepts your kill.
You can now call upon Trog for regeneration and willpower.
A worm comes into view.
Your Fighting skill gained 2 levels and is now at level 6!
Your Maces & Flails skill gained 3 levels and is now at level 6!
Your Armour skill increases to level 3!
Your Dodging skill increases to level 2!
You have reached level 3!
Your experience leads to an increase in your attributes!
Increase (S)trength, (I)ntelligence, or (D)exterity?
You feel stronger. x2
You have reached level 4!
You feel stronger.
You sock the worm!
The worm is heavily wounded.
You sock the worm!
The worm is almost dead.
You thump the worm!
You kill the worm!
Trog accepts your kill. Menkaure barely misses you.
There is an open door, spattered with blood here.
You see here a water moccasin corpse.
You barely miss Menkaure. Menkaure hits you!
You sock Menkaure!
Menkaure is moderately damaged.
Menkaure calls on the powers of darkness!
Your body is wracked with pain!
You sock Menkaure!
Menkaure is almost destroyed.
Roxanne mutters, "When I said I wanted to live forever... this was not what I had in mind."
Menkaure hits you!!
You die...

§.§§§~~ ~~~.§
~§8~. ~~. ...
#~~#+++#+++##
~~~....M....#
#@## #.#.##
#.##..# #
###..## #.
#'## #l##.##
#+.<.+
#l##.## #.
#+#


You could see Roxanne and Menkaure (fast).

Vanquished Creatures
  A water moccasin (D)
  3 worms (D)
4 creatures vanquished.

Notes
Turn   | Place    | Note
-------+----------+-------------------------------------------
     0 | D        | mhtbhm the Gargoyle Berserker began the quest for the Orb.
     0 | D        | Reached XP level 1. HP: 14/14 MP: 1/1
     1 | D        | Noticed a wyvern
     1 | D        | Noticed a wyvern
    18 | D        | Reached XP level 2. HP: 9/20 MP: 2/2
   174 | D        | Noticed Roxanne
   174 | D        | Noticed a water moccasin
   174 | D        | Noticed Menkaure
   188 | D        | Killed a water moccasin
   188 | D        | Reached ** piety under Trog
   189 | D        | Reached XP level 3. HP: 28/28 MP: 3/3
   189 | D        | Reached XP level 4. HP: 32/32 MP: 4/4
   195 | D        | Mangled by Menkaure

Illustrated notes

Levels and vault maps discovered:
D:        the_violet_keep_of_menkaure [sprint2_stairs_cluster_1,
          sprint2_shoproom, sprint2_temple, sprint2_basic_supplies,
          sprint2_obstacle_2, sprint2_obstacle_7, sprint2_obstacle_6,
          sprint2_obstacle_4, sprint2_obstacle_1, sprint2_timed_cluster_1,
          sprint2_smallroom_cluster_1, sprint2_smallroom_final_cluster_1,
          sprint2_transparent_cluster_1, sprint2_second_timed_cluster_1,
          sprint2_sniper_area_1, sprint2_heavy_combat_area_1,
          sprint2_mutation_trap_area_1, sprint2_forest_area_1,
          sprint2_light_combat_area_1, sprint2_behind_water_1,
          sprint2_near_end_vault_1]

Skill      XL: |  1  2 |
---------------+-------+-----
Fighting       | 4 6 |  6.5
Maces & Flails | 6 |  6.2
Armour         | 3 |  3.7
Dodging        | 2 |  2.9

Action                   |  1- 3 |  4- 6 || total
-------------------------+-------+-------++-------
Melee: Mace              |    20 |     6 ||    26
Invok: Berserk           |     2 |       ||     2
  Use: Potion            |     2 |       ||     2
Armor: Animal skin       |     3 |       ||     3
Dodge: Dodged            |    14 |     1 ||    15

Table legend: (Time is in decaauts)
 A = Elapsed time spent in this place.
 B = Non-inter-level travel time spent in this place.
 C = Inter-level travel time spent in this place.
 D = Time resting spent in this place.
 E = Time spent auto-exploring this place.
 F = Levels seen in this place.
 G = Mean time per level.
                   A        B        C        D        E       F      G
               +--------+--------+--------+--------+--------+-----+--------+
         Total |    206 |    206 |      0 |    167 |      0 |   1 |  206.0 |
       Dungeon |    206 |    206 |      0 |    167 |      0 |   1 |  206.0 |
               +--------+--------+--------+--------+--------+-----+--------+

Top non-repeatable levels by time:
       D: 206 daAuts
